 Dungeon Crawl Stone Soup version 0.24-a0-205-g1d96822 (webtiles) character file.

Game seed: 14747584889706822907

308 Borgoz the Cutter (level 6, 0/37 HPs)
             Began as a Kobold Gladiator on Mar 28, 2019.
             Slain by a worker ant (3 damage)
             ... on level 4 of the Dungeon.
             The game lasted 00:05:14 (2950 turns).

Borgoz the Cutter (Kobold Gladiator)                Turns: 2950, Time: 00:05:16

Health: 0/37       AC:  5    Str: 13    XL:     6   Next: 68%
Magic:  15/15      EV: 17    Int:  9    God:
Gold:   120        SH:  3    Dex: 17    Spells: 5/5 levels left

rFire    . . .     SeeInvis .   r - +4 dagger
rCold    . . .     Gourm    .   (shield restricted)
rNeg     . . .     Faith    .   b - +0 leather armour
rPois    .         Spirit   .   c - +1 helmet
rElec    .         Reflect  +   (no cloak)
rCorr    .         Harm     .   (no gloves)
MR       .....                  (no boots)
Stlth    ++........             l - +3 amulet of reflection
HPRegen  0.12/turn              q - ring of magical power
MPRegen  0.14/turn              (no ring)

@: lethally poisoned (0 -> -23), berserk cooldown, slowed, lightly drained, very
slow
A: small, carnivore
a: no special abilities


You were on level 4 of the Dungeon.
You were completely stuffed.

You visited 1 branch of the dungeon, and saw 4 of its levels.

You collected 120 gold pieces.

Inventory:

Hand Weapons
 a - a +0 rapier
 r - a +4 dagger (weapon)
Missiles
 d - 3 throwing nets (quivered)
 h - 6 tomahawks
Armour
 b - a +0 leather armour (worn)
 c - a +1 helmet (worn)
Jewellery
 i - a cursed ring of attention {unknown}
 l - a +3 amulet of reflection (around neck)
 q - a ring of magical power (left hand)
Scrolls
 e - a scroll of remove curse
 j - 2 scrolls of teleportation
 o - 2 scrolls of amnesia
 u - 2 scrolls of enchant armour
 v - a scroll of fear
Potions
 k - a potion of degeneration {unknown}
 p - a potion of flight
 s - a potion of agility {unknown}
 t - a potion of haste {unknown}
 w - a potion of brilliance {unknown}
Comestibles
 f - 4 rations
 g - 4 chunks of flesh


   Skills:
 + Level 3.5(3.3) Fighting
 + Level 5.1(4.9) Short Blades
 + Level 3.4(3.2) Throwing
 + Level 1.8(1.6) Armour
 + Level 4.7(4.5) Dodging
 + Level 3.4(3.3) Stealth


You had 5 spell levels left.
You didn't know any spells.
Your spell library was empty.

Dungeon Overview and Level Annotations

Branches:
Dungeon (4/15)
 Temple: D:4-7

Altars:
Xom


Innate Abilities, Weirdness & Mutations

You are small and have problems with some larger weapons.
You are carnivorous and can eat meat at any time.


Message History

You feel a strong urge to attack something.
You feel sick. The worker ant closely misses you.
You are no longer berserk.
You are exhausted.
You feel yourself slow down. The worker ant bites you.
* * * LOW HITPOINT WARNING * * *
You hit the worker ant.
The worker ant is moderately wounded.
You feel sick. The worker ant bites you.
* * * LOW HITPOINT WARNING * * *
You are lethally poisoned!
The worker ant poisons you!
You barely miss the worker ant.
The worker ant is moderately wounded.
* * * LOW HITPOINT WARNING * * *
You feel sick. The worker ant bites you.
* * * LOW HITPOINT WARNING * * *
You are more poisoned.
The worker ant poisons you! The worker ant bites you.
You die...

......# #..# ......#
#..#######. .##...#
#.......... ......#
##.#####.#. .###..#
#.# .#
......#####.#####.#.
....................
###########.###.#####
#...).@...#
########a###.#
.............#
.##.###.####$#
.#.##.###.####.#
...............#
#.#.##.###.##.#
#....a.......%
#.#.#.##.#.##.


You could see a worker ant.

Vanquished Creatures
  An ogre (D:4)
  An orc wizard (D:4)
  A bullfrog skeleton (D:4)
  A centaur skeleton (D:4)
  A hound skeleton (D:4)
  4 gnolls (D:3)
  An adder (D:4)
  A shadow imp (D:3)
  An ooze (D:3)
  3 dart slugs
  A leopard gecko (D:3)
  4 orcs
  2 giant cockroaches (D:1)
  5 goblins
  7 hobgoblins
  2 jackals (D:2)
  9 bats
  3 frilled lizards
  5 kobolds
  4 rats
57 creatures vanquished.

Notes
Turn   | Place    | Note
-------+----------+-------------------------------------------
     0 | D:1      | Borgoz the Kobold Gladiator began the quest for the Orb.
     0 | D:1      | Reached XP level 1. HP: 12/12 MP: 1/1
   113 | D:1      | Reached XP level 2. HP: 17/18 MP: 2/2
   366 | D:1      | Reached skill level 1 in Stealth
   431 | D:1      | Reached XP level 3. HP: 20/22 MP: 3/3
   722 | D:2      | Found a shimmering altar of Xom.
  1465 | D:3      | Reached XP level 4. HP: 20/27 MP: 4/4
  2018 | D:3      | Reached skill level 1 in Armour
  2053 | D:3      | Reached XP level 5. HP: 16/32 MP: 5/5
  2587 | D:4      | Noticed an ogre
  2595 | D:4      | Killed an ogre
  2595 | D:4      | Reached skill level 5 in Short Blades
  2595 | D:4      | Reached XP level 6. HP: 13/37 MP: 6/6
  2950 | D:4      | Slain by a worker ant

Levels and vault maps discovered:
D:1:      sevenhm_arrival_forest_fort_small_3, layout_basic,
          minmay_three_crescents
D:2:      layout_basic, xom_teletrap_fun, first_ration
D:3:      layout_basic, st_stairs_4
D:4:      layout_basic, minmay_diced_spiral

Skill      XL: |  1  2  3  4  5 |
---------------+----------------+-----
Stealth        | 1 2 3 |  3.4
Dodging        | 4 |  4.7
Armour         | 1 |  1.8
Fighting       | 3 |  3.5
Throwing       | 3 |  3.4
Short Blades   | 5 |  5.1

Action                   |  1- 3 |  4- 6 || total
-------------------------+-------+-------++-------
Melee: Rapier            |   134 |    57 ||   191
       Dagger            |       |    46 ||    46
Throw: Throwing net      |       |     1 ||     1
  Use: Potion            |       |     3 ||     3
       Scroll            |       |     9 ||     9
 Stab: Sleeping          |     2 |     1 ||     3
       Held in net/web   |       |     1 ||     1
  Eat: Chunk             |     9 |     6 ||    15
Armor: Leather armour    |    26 |     5 ||    31
       Skin              |       |    12 ||    12
Dodge: Dodged            |   115 |    43 ||   158
Block: Other             |     2 |     3 ||     5
       Reflection        |       |     1 ||     1

Table legend:
 A = Non-vault XP
 B = Vault XP
 C = Vault XP percentage of total XP
 D = Non-vault monster count
 E = Vault monster count
 F = Vault count percentage of total count
                 A         B        C        D         E       F
            +---------+---------+-------+---------+---------+-------
      Total |     331 |     109 |  24.8 |      45 |      12 |  21.1
            +---------+---------+-------+---------+---------+-------
        D:1 |      22 |      12 |  35.3 |      12 |       6 |  33.3
        D:2 |      26 |       1 |   3.7 |      15 |       1 |   6.2
        D:3 |      87 |       3 |   3.3 |      12 |       1 |   7.7
        D:4 |     196 |      93 |  32.2 |       6 |       4 |  40.0
            +---------+---------+-------+---------+---------+-------
